 Dungeon Crawl Stone Soup version 0.25-a0-44-g29a1220a87 (webtiles) character file.

Game seed: 11295072167443219484, levelgen mode: deterministic

140 Iscandelvey the Vandal (level 5, 29/38 HPs)
             Began as a Demonspawn Arcane Marksman on Oct 23, 2019.
             Quit the game on level 3 of the Dungeon.
             The game lasted 00:01:36 (1778 turns).

Iscandelvey the Vandal (Demonspawn Arcane Marksman) Turns: 1778, Time: 00:01:37

Health: 29/38      AC:  4    Str: 10    XL:     5   Next: 2%
Magic:  6/6        EV: 13    Int: 15    God:
Gold:   135        SH:  0    Dex: 14    Spells: 5/6 levels left

rFire    . . .     SeeInvis .   a - +0 hunting sling
rCold    . . .     Gourm    .   (no shield)
rNeg     . . .     Faith    .   e - +0 robe
rPois    .         Spirit   .   (no helmet)
rElec    .         Reflect  .   (no cloak)
rCorr    .         Harm     .   (no gloves)
MR       .....                  (no boots)
Stlth    +.........             (no amulet)
HPRegen  0.12/turn              (no ring)
MPRegen  0.10/turn              (no ring)

@: mildly poisoned (29 -> 27)
A: thin metallic scales 1, spiny 1
a: no special abilities


You were on level 3 of the Dungeon.
You were hungry.

You visited 1 branch of the dungeon, and saw 3 of its levels.

You collected 135 gold pieces.

Inventory:

Hand Weapons
 a - a +0 hunting sling (weapon)
Missiles
 b - 27 stones
 d - 5 sling bullets (quivered)
Armour
 e - a +0 robe (worn)
Jewellery
 l - an uncursed ring of poison resistance {unknown}
 t - an uncursed ring of ice {unknown}
Scrolls
 g - 2 scrolls of fear {unknown}
 i - a scroll of identify {unknown}
 j - a scroll of magic mapping {unknown}
 k - 2 scrolls of remove curse {unknown}
 m - a scroll of amnesia {unknown}
 o - a scroll of enchant armour {unknown}
 q - 2 scrolls of teleportation {unknown}
 s - a scroll of enchant weapon {unknown}
Potions
 c - a potion of curing {unknown}
 h - a potion of magic {unknown}
 n - 2 potions of degeneration {unknown}
 p - 4 potions of heal wounds {unknown}
 r - a potion of mutation {unknown}
Comestibles
 f - 5 rations


   Skills:
 + Level 2.1 Fighting
 + Level 3.6 Slings
 + Level 2.6 Dodging
 + Level 1.0 Spellcasting
 + Level 3.2 Hexes


You had 5 spell levels left.
You knew the following spells:

 Your Spells              Type           Power        Failure   Level  Hunger
a - Corona                Hex            ##.....      6%          1    ##.....

Your spell library contained the following spells:

 Spells                   Type           Power        Failure   Level  Hunger
 Slow                     Hex            ##......     10%         2    ###....
 Inner Flame              Hex/Fire       #.......     36%         3    ####...
 Portal Projectile        Hex/Tloc       #.....       36%         3    ####...
 Cause Fear               Hex            ##........   54%         4    #####..
 Leda's Liquefaction      Hex/Erth       #.........   77%         4    #####..


Dungeon Overview and Level Annotations

Branches:
Dungeon (3/15)

Altars:
Elyvilon
Fedhas
Kikubaaqudgha
The Shining One


Innate Abilities, Weirdness & Mutations

You are partially covered in thin metallic scales. (AC +2)
You are partially covered in sharp spines.


Message History

The adder is heavily wounded.
You feel sick. The adder bites you. The adder completely misses you.
An adder is nearby!
Firing (i - inventory. (/) - cycle)
d - 7 sling bullets (quivered)
Press: ? - help, Shift-Dir - straight line, f/p - adder
Aim: an adder (heavily wounded)
You shoot a sling bullet.
The sling bullet closely misses the adder.
The adder bites you but does no damage.
An adder is nearby!
Firing (i - inventory. (/) - cycle)
d - 6 sling bullets (quivered)
Press: ? - help, Shift-Dir - straight line, f/p - adder
Aim: an adder (heavily wounded)
You shoot a sling bullet. The sling bullet hits the adder!
You kill the adder!
You have reached level 5!
Your demonic ancestry asserts itself...
Sharp spines emerge from parts of your body.
You feel sick.
Are you sure you want to abandon this character and quit the game? (Confirm with "yes".)

.####.### ## ##)(.#
.(..... #.[#.#####
##....<.. #.##.....#
#........
#.######.####......).
#.# #..†##........
#.#######............
#...........#........
#.####...[...@(..(..(
### #...............
#..........#####
#..........#
############


There were no monsters in sight!

Vanquished Creatures
  A hound (D:2)
  4 adders
  2 dart slugs (D:2)
  4 leopard geckos
  9 orcs (D:3)
  2 giant cockroaches
  2 goblins
  3 hobgoblins
  8 jackals
  4 kobolds
  A ball python (D:2)
  7 bats
  A frilled lizard (D:1)
  10 rats
58 creatures vanquished.

Notes
Turn   | Place    | Note
-------+----------+-------------------------------------------
     0 | D:1      | Iscandelvey the Demonspawn Arcane Marksman began the quest
                  | for the Orb.
     0 | D:1      | Reached XP level 1. HP: 15/15 MP: 2/2
    59 | D:1      | Gained mutation: You are partially covered in thin metallic
                  | scales. (AC +2) [demonic ancestry]
    59 | D:1      | Reached XP level 2. HP: 5/21 MP: 3/3
    74 | D:1      | HP: 1/21 [leopard gecko (1)]
   907 | D:2      | Reached XP level 3. HP: 24/26 MP: 4/4
   927 | D:2      | Found a blossoming altar of Fedhas.
   941 | D:2      | Found a glowing golden altar of the Shining One.
  1041 | D:2      | Reached XP level 4. HP: 19/32 MP: 5/5
  1049 | D:2      | Found a white marble altar of Elyvilon.
  1699 | D:3      | Found an ancient bone altar of Kikubaaqudgha.
  1777 | D:3      | Gained mutation: You are partially covered in sharp spines.
                  | [demonic ancestry]
  1777 | D:3      | Reached XP level 5. HP: 30/38 MP: 6/6
  1778 | D:3      | Quit the game

Levels and vault maps discovered:
D:1:      lightli_arrival_boilingwater, layout_rooms, glass_columns_a
D:2:      layout_loops_cross, overflow_temple_1_default,
          grunt_temple_overflow_open
D:3:      layout_rooms, nicolae_overflow_hidden_temple, uniq_natasha

Skill      XL: |  1  2  3  4 |
---------------+-------------+-----
Slings         | 2 3 |  3.6
Dodging        | 2 |  2.6
Fighting       | 2 |  2.1
Spellcasting   | |  1.0
Hexes          | |  3.2

Action                   |  1- 3 |  4- 6 || total
-------------------------+-------+-------++-------
Melee: Unarmed           |    34 |       ||    34
 Fire: Hunting sling     |    97 |   102 ||   199
  Eat: Chunk             |       |     2 ||     2
Armor: Robe              |    28 |    18 ||    46
Dodge: Dodged            |    65 |    39 ||   104

Table legend:
 A = Non-vault XP
 B = Vault XP
 C = Vault XP percentage of total XP
 D = Non-vault monster count
 E = Vault monster count
 F = Vault count percentage of total count
                 A         B        C        D         E       F
            +---------+---------+-------+---------+---------+-------
      Total |     201 |       0 |   0.0 |      58 |       0 |   0.0
            +---------+---------+-------+---------+---------+-------
        D:1 |      33 |       0 |   0.0 |      19 |       0 |   0.0
        D:2 |      80 |       0 |   0.0 |      14 |       0 |   0.0
        D:3 |      88 |       0 |   0.0 |      25 |       0 |   0.0
            +---------+---------+-------+---------+---------+-------
